AoeStats
← pahabhai

Arabia

504515125Analyzed
1v1 RM · 27d ago on Sep 5, 2026· 30m 55s· 2 players
Game mode
Random Map
Map size
Tiny (2 player)
Population
200
Speed
Normal
Resources
Standard
Victory
Conquest
Starting age
Dark Age
Ending age
Imperial Age
RankedLock teamsTeams togetherTeam positionsShared explorationLock speedFull tech treeHidden civsTurbo modeCheats
Victory
Defeat
🇺🇸 Persians · United States
906
+16
🇮🇳 Britons · India
905
-45
pahabhai
11:49 Feudal Age
22:50 Arson
28:19 Horse Collar
28:28 Double-Bit Axe
29:45 Wheelbarrow
31:59 Castle Age
30:59 Padded Archer Armor
Thatonedude
6:31 Loom
8:59 Feudal Age
9:26 Man-at-Arms
12:38 Double-Bit Axe
13:49 Bloodlines
16:18 Horse Collar
18:31 Scale Barding Armor
22:53 Castle Age
22:49 Fletching
22:59 Padded Archer Armor
23:31 Bodkin Arrow
23:02 Light Cavalry
26:12 Thumb Ring
29:12 Parthian Tactics
Connection lost

Rejoining the realm…

Still unreachable

The connection could not be restored.

Session expired

The server has moved on; the page needs a fresh start.